 Dungeon Crawl Stone Soup version 0.26.1-11-gd32895ea62 (webtiles) character file.

Game seed: 12552918907294509723

79 nomophobia the Bolt Thrower (level 4, -3/28 HPs)
             Began as a Kobold Hunter on May 18, 2021.
             Killed by divine providence
             ... invoked by an orc priest
              (14 damage)
             ... on level 3 of the Dungeon.
             The game lasted 00:15:23 (1252 turns).

nomophobia the Bolt Thrower (Kobold Hunter)         Turns: 1252, Time: 00:15:24

Health: -3/28      AC:  3    Str:  9    XL:     4   Next: 62%
Magic:  4/4        EV: 15    Int: 12    God:
Gold:   67         SH:  0    Dex: 16    Spells: 2/3 levels left

rFire    . . .     SeeInvis .   b - +0 short sword (flame)
rCold    . . .     Faith    .   (shield restricted)
rNeg     . . .     Spirit   .   c - +0 leather armour
rPois    .         Reflect  .   (no helmet)
rElec    .         Harm     .   (no cloak)
rCorr    .         Rampage  .   (no gloves)
Will     .....                  (no boots)
Stlth    +++.......             (no amulet)
HPRegen  0.09/turn              (no ring)
MPRegen  0.09/turn              (no ring)

@: no status effects
A: small, nightstalker 3
a: no special abilities


You were on level 3 of the Dungeon.
You visited 1 branch of the dungeon, and saw 3 of its levels.

You collected 67 gold pieces.

Inventory:

Hand Weapons
 a - a +1 hand crossbow
 b - a +0 short sword of flaming (weapon)
 k - a +0 short sword
Armour
 c - a +0 leather armour (worn)
Scrolls
 e - a scroll of teleportation
 f - 2 scrolls of magic mapping
 g - a scroll of immolation {unknown}
 h - a scroll of amnesia {unknown}
 j - 3 scrolls of remove curse {unknown}
 m - a scroll of identify
Potions
 i - 2 potions of curing
 l - a potion of invisibility {unknown}
 n - a potion of ambrosia {unknown}


   Skills:
 + Level 3.0 Fighting
 * Level 5.9 Crossbows
 + Level 3.0 Dodging
 + Level 2.6 Stealth


You had 2 spell levels left.
You knew the following spells:

 Your Spells              Type           Power        Failure   Level
a - Animate Skeleton      Necr           0%           43%         1

Your spell library contained the following spells:

 Spells                   Type           Power        Failure   Level
 Apportation              Tloc           0%           43%         1
 Corona                   Hex            0%           43%         1
 Summon Small Mammal      Summ           0%           43%         1


Dungeon Overview and Level Annotations

Branches:
Dungeon (3/15)

Altars:
Fedhas
Hepliaklqana
Kikubaaqudgha
Ru
Sif Muna
Trog
Uskayaw
Zin
The Shining One


Innate Abilities, Weirdness & Mutations

You are small and have problems with some larger weapons.
You are completely attuned to the shadows.


Message History

The orc priest is severely wounded.
The orc priest mumbles some strange prayers to Beogh against you.
Pain shoots through your body!
The orc priest looks encouraged for a moment.
Nothing quivered!
Your +0 short sword of flaming bursts into flame!
b - a +0 short sword of flaming (weapon)
You hit the orc priest but do no damage.
The orc priest is severely wounded.
The orc priest misses you.
A worm comes into view.
You hit the orc priest but do no damage.
The orc priest is severely wounded.
The orc priest looks braver for a moment.
You hit the orc priest but do no damage.
The orc priest is severely wounded.
The orc priest calls down the wrath of Beogh upon you.
Beogh smites you!
Ouch! That really hurt!
You die...

##+ #.. #.. .. #..
... ########..
...#########........)
>........^..........#
.w.o@................
..(#########.........
(( #......... .
#......... ######....
#(... #.... #. #.


You could see a worm and an orc priest.

Vanquished Creatures
  An adder (D:3)
  An ooze (D:2)
  2 worms
  2 dart slugs (D:2)
  3 leopard geckos
  3 orcs (D:3)
  3 bats
  6 hobgoblins
  7 jackals
  8 kobolds
  A ball python (D:2)
  2 frilled lizards (D:1)
  5 goblins
  3 rats
47 creatures vanquished.

Notes
Turn   | Place    | Note
-------+----------+-------------------------------------------
     0 | D:1      | nomophobia the Kobold Hunter began the quest for the Orb.
     0 | D:1      | Reached XP level 1. HP: 12/12 MP: 1/1
    59 | D:1      | Reached skill level 5 in Crossbows
    97 | D:1      | Reached XP level 2. HP: 11/18 MP: 2/2
   615 | D:1      | Reached XP level 3. HP: 22/22 MP: 3/3
   808 | D:2      | Reached XP level 4. HP: 22/27 MP: 4/4
   847 | D:2      | Found a bloodstained altar of Trog.
   848 | D:2      | Found a hide-covered altar of Uskayaw.
   849 | D:2      | Found a glowing silver altar of Zin.
  1143 | D:3      | Found a hazy altar of Hepliaklqana.
  1144 | D:3      | Found a blossoming altar of Fedhas.
  1144 | D:3      | Found a sacrificial altar of Ru.
  1148 | D:3      | Found an ancient bone altar of Kikubaaqudgha.
  1148 | D:3      | Found a glowing golden altar of the Shining One.
  1169 | D:3      | Found a shimmering blue altar of Sif Muna.
  1198 | D:3      | Learned a level 1 spell: Animate Skeleton
  1252 | D:3      | Killed from afar by an orc priest

Illustrated notes

Levels and vault maps discovered:
D:1:      dpeg_arrival_pits, layout_rooms, hangedman_decor_growths,
          minmay_misc_feat_nine_boxes
D:2:      layout_rooms, chequers_temple_overflow_statue_of_worship,
          serial_glass, glass_columns_b, glass_columns_a, bh_walls_and_bars
D:3:      layout_basic, grunt_temple_overflow_open

Skill      XL: |  1  2  3  4 |
---------------+-------------+-----
Crossbows      | 5 |  5.9
Stealth        | 2 |  2.6
Dodging        | 3 |  3.0
Fighting       | 3 |  3.0

Action                   |  1- 3 |  4- 6 || total
-------------------------+-------+-------++-------
Melee: Short sword       |    12 |     7 ||    19
 Fire: Hand crossbow     |    65 |    33 ||    98
  Use: Scroll            |     4 |       ||     4
Armor: Leather armour    |     5 |     1 ||     6
Dodge: Dodged            |    49 |     6 ||    55
